 Dungeon Crawl Stone Soup version 0.24.0-37-gcf1ca852f1 (webtiles) character file.

Game seed: 8238258290972433373, levelgen mode: deterministic

26 Descartes the Sneak (level 2, -2/14 HPs)
             Began as a Felid Monk on Nov 24, 2019.
             Slain by a goblin
             ... wielding a +0 dagger
              (3 damage)
             ... on level 2 of the Dungeon.
             The game lasted 00:01:38 (674 turns).

Descartes the Sneak (Felid Monk)                     Turns: 674, Time: 00:01:39

Health: -2/14      AC:  1    Str:  7    XL:     2   Next: 89%
Magic:  3/3        EV: 19    Int: 11    God:
Gold:   51         SH:  0    Dex: 18    Spells: 1/1 levels left
                                        Lives:  0   Deaths: 0

rFire    . . .     SeeInvis +     - Unarmed
rCold    . . .     Gourm    .   (shield unavailable)
rNeg     . . .     Faith    .   (armour unavailable)
rPois    .         Spirit   .   (helmet unavailable)
rElec    .         Reflect  .   (cloak unavailable)
rCorr    .         Harm     .   (gloves unavailable)
MR       .....                  (boots unavailable)
Stlth    +++.......             (no amulet)
HPRegen  0.04/turn              (no ring)
MPRegen  0.08/turn              (no ring)

@: quick
A: very small, no armour, no weapons or thrown items, stealth, claws 1, fangs 3,
see invisible, carnivore, speed 1, shaggy fur 1, slow metabolism 1, sharp paws
a: no special abilities


You were on level 2 of the Dungeon.
You were completely stuffed.

You visited 1 branch of the dungeon, and saw 2 of its levels.

You collected 51 gold pieces.

Inventory:

Missiles
 b - 26 arrows
 c - 3 large rocks
Comestibles
 a - a ration
 d - 2 chunks of flesh


   Skills:
 - Level 3.0 Fighting
 - Level 4.0 Dodging
 * Level 4.3 Stealth
 + Level 3.4 Unarmed Combat


You had one spell level left.
You didn't know any spells.
Your spell library was empty.

Dungeon Overview and Level Annotations

Branches:
Dungeon (1/15)

Altars:
Uskayaw

Annotations:
D:2 Terence


Innate Abilities, Weirdness & Mutations

You cannot wear armour.
You are incapable of wielding weapons or throwing items.
Your paws allow you to move quietly. (Stealth)
You have sharp claws.
You have razor-sharp teeth.
You have supernaturally acute eyesight. (SInv)
You are carnivorous and can eat meat at any time.
You cover ground quickly.
You are covered in fur. (AC +1)
You have a slow metabolism.
Your sharp claws are effective at attacking unaware monsters.


Message History

The goblin hits you with a +0 dagger.
* * * LOW HITPOINT WARNING * * *
You closely miss the goblin.
The goblin is heavily wounded.
* * * LOW HITPOINT WARNING * * *
You feel sick.
You are no longer poisoned.
The goblin closely misses you.
You closely miss the goblin.
The goblin is heavily wounded.
The goblin hits you but does no damage.
You barely miss the goblin.
The goblin is heavily wounded.
The goblin hits you but does no damage.
You scratch the goblin but do no damage.
The goblin is heavily wounded.
You barely miss the goblin.
The goblin is heavily wounded.
The goblin hits you with a +0 dagger.
You die...

.########.##......#....# .#
#.##......#....# .#
#.##......#....# .#
#.#......g'g...# #... .#
#.#.......#....# #... .#
#.#.#####.#S...# #... .# ####.#
.<#....# #...
.#####....#########.###### #...
.....+...>'.....@g......... ...
######....#######################
#....+(....................)
#....#######################
#....# ###### #.......# #


You could see a goblin.

Vanquished Creatures
  An adder (D:2)
  An ooze (D:1)
  2 dart slugs
  A hobgoblin (D:1)
  2 frilled lizards
  3 goblins
  2 rats
12 creatures vanquished.

Notes
Turn   | Place    | Note
-------+----------+-------------------------------------------
     0 | D:1      | Descartes the Felid Monk began the quest for the Orb.
     0 | D:1      | Reached XP level 1. HP: 10/10 MP: 2/2
   133 | D:1      | Reached XP level 2. HP: 11/14 MP: 3/3
   257 | D:1      | You fall into a shaft and drop 1 floor!
   258 | D:2      | Noticed Terence
   291 | D:2      | Found a hide-covered altar of Uskayaw.
   322 | D:2      | Noticed a +0 hand axe
   323 | D:2      | Noticed a +0 hand axe
   674 | D:2      | Slain by a goblin

Levels and vault maps discovered:
D:1:      nagdon_arrival_zigzag_paths, layout_basic
D:2:      layout_basic, dancing_weapons_uskayaw, old_standard_altar,
          uniq_crazy_yiuf_cottage, uniq_terence

Skill      XL: |  1  2 |
---------------+-------+-----
Stealth        | 3 4 |  4.3
Fighting       | |  3.0
Dodging        | |  4.0
Unarmed Combat | |  3.4

Action                   || total
-------------------------++-------
Melee: Unarmed           ||    50
       Bite              ||     3
       Punch             ||     1
 Stab: Sleeping          ||     4
  Eat: Chunk             ||     7
Armor: Skin              ||     1
Dodge: Dodged            ||    26
